 Dungeon Crawl Stone Soup version 0.28-a0-1435-g82390b3a13 (webtiles) character file.

Game seed: 1568076596768172231

102 anonymouscript the Grasshopper (level 4, -6/38 HPs)
             Began as a Gnoll Warper on Jan 10, 2022.
             Mangled by a gnoll (9 damage)
             ... on level 4 of the Dungeon.
             The game lasted 00:07:11 (2190 turns).

anonymouscript the Grasshopper (Gnoll Warper)       Turns: 2190, Time: 00:07:14

Health: -6/38      AC:  3    Str: 10    XL:     4   Next: 77%
Magic:  8/11       EV: 13    Int: 13    God:
Gold:   98         SH:  0    Dex: 13    Spells: 2/13 levels left

rFire   . . .      SeeInvis .   a - +0 falchion
rCold   . . .      Faith    .   (no shield)
rNeg    . . .      Spirit   .   b - +0 leather armour
rPois   .          Reflect  .   (no helmet)
rElec   .          Harm     .   (no cloak)
rCorr   .          Rampage  .   (no gloves)
Will    .....                   (no boots)
Stlth   +.........              (no amulet)
HPRegen 0.12/turn               (no ring)
MPRegen 0.12/turn               (no ring)

@: on blink cooldown
A: fangs 1, strong nose, distributed training
a: no special abilities


You were on level 4 of the Dungeon.
You visited 1 branch of the dungeon, and saw 4 of its levels.

You collected 98 gold pieces.

Inventory:

Hand Weapons
 a - a +0 falchion (weapon)
Missiles
 d - 4 boomerangs of dispersal (quivered)
 j - 2 boomerangs
Armour
 b - a +0 leather armour (worn)
Jewellery
 h - a ring of flight
Scrolls
 c - a scroll of blinking
Potions
 f - a potion of magic {unknown}
 g - 2 potions of degeneration {unknown}
 i - a potion of attraction {unknown}
 k - a potion of flight {unknown}


   Skills:
 + Level 4.7 Fighting
 + Level 1.2 Short Blades
 + Level 4.7 Long Blades
 + Level 1.2 Axes
 + Level 1.2 Maces & Flails
 + Level 1.2 Polearms
 + Level 1.2 Staves
 + Level 1.2 Slings
 + Level 1.2 Bows
 + Level 1.2 Crossbows
 + Level 2.8 Throwing
 + Level 2.8 Armour
 + Level 4.7 Dodging
 + Level 1.2 Stealth
 + Level 1.2 Shields
 + Level 1.2 Unarmed Combat
 + Level 5.1 Spellcasting
 + Level 1.0 Conjurations
 + Level 1.0 Hexes
 + Level 1.0 Summonings
 + Level 1.0 Necromancy
 + Level 5.5 Translocations
 + Level 1.0 Transmutations
 + Level 1.0 Fire Magic
 + Level 1.0 Ice Magic
 + Level 1.0 Air Magic
 + Level 1.0 Earth Magic
 + Level 1.0 Poison Magic
 + Level 1.3 Invocations
 + Level 1.2 Evocations


You had 2 spell levels left.
You knew the following spells:

 Your Spells              Type           Power      Damage    Failure   Level
a - Blink                 Tloc           34%        N/A       3%          2
b - Teleport Other        Tloc           17%        N/A       8%          3
c - Lesser Beckoning      Tloc           17%        N/A       8%          3
d - Gell's Gravitas       Tloc           17%        N/A       8%          3

Your spell library contained the following spells:

 Spells                   Type           Power      Damage    Failure   Level
 Manifold Assault         Tloc           17%        N/A       56%         5


Dungeon Overview and Level Annotations

Branches:
Dungeon (4/15)
 Temple: D:4-7

Altars:


Innate Abilities, Weirdness & Mutations

You have very sharp teeth.
Your uncanny sense of smell can sniff out nearby items.
Your experience applies equally to all skills.


Message History

You hit the endoplasm but do no damage.
The endoplasm is moderately wounded.
The gnoll closely misses you. The endoplasm closely misses you.
You hit the endoplasm but do no damage.
The endoplasm is moderately wounded.
The endoplasm freezes you.
You are frozen.
The gnoll misses you.
You hit the endoplasm.
You kill the endoplasm!
The gnoll hits you from afar with a +0 spear!
Found a hand axe.
You hit the gnoll. You bite the gnoll, but do no damage.
The gnoll is lightly wounded.
The gnoll hits you with a +0 flail.
You closely miss the gnoll.
The gnoll is lightly wounded.
The gnoll shouts!
The gnoll closely misses you. The gnoll hits you with a +0 flail!
You open the door. The gnoll closely misses you.
The gnoll hits you but does no damage. The gnoll hits you with a +0 whip.
* * * LOW HITPOINT WARNING * * *
Casting: Blink (safe; 3% risk of failure)
Confirm with . or Enter, or press ? or * to list all spells.
You blink.
As you open the door, it creaks loudly!
You feel stable enough to blink again. The gnoll hits you with a +0 whip.
* * * LOW HITPOINT WARNING * * *
There is an open door here.
Casting: Blink (safe; 3% risk of failure)
Confirm with . or Enter, or press ? or * to list all spells.
You blink.
The gnoll hits you but does no damage. The gnoll barely misses you.
It was a potion of curing.
You feel better.
The gnoll hits you from afar with a +0 spear.
* * * LOW HITPOINT WARNING * * *
The gnoll hits you with a +0 spear!
* * * LOW HITPOINT WARNING * * *
The gnoll hits you with a +0 flail!
You die...

#.# #
#.#######
#
##......)#
#....###.#
#....'.#
#..$.#.#
#....# #
#....#
#@g..#
#.g..#
##g#...#
#g#.###
#.#..
#ยง#.##
#.# #..
###.


You could see 4 gnolls.

Vanquished Creatures
  4 adders
  11 orcs
  4 ball pythons
  3 bats
  4 endoplasms
  A goblin (D:3)
  7 hobgoblins
  8 jackals (D:1)
  A quokka (D:2)
  A frilled lizard (D:1)
  5 kobolds
  A rat (D:3)
50 creatures vanquished.

Notes
Turn   | Place    | Note
-------+----------+-------------------------------------------
     0 | D:1      | anonymouscript the Gnoll Warper began the quest for the
                  | Orb.
     0 | D:1      | Reached XP level 1. HP: 20/20 MP: 6/6
    41 | D:1      | Reached XP level 2. HP: 13/26 MP: 7/7
    55 | D:1      | Learned a level 2 spell: Blink
   622 | D:2      | Reached skill level 5 in Spellcasting
   622 | D:2      | Reached XP level 3. HP: 18/31 MP: 7/9
   919 | D:3      | Learned a level 3 spell: Teleport Other
   947 | D:3      | Reached skill level 1 in Invocations
  1151 | D:3      | Reached skill level 1 in Short Blades
  1151 | D:3      | Reached skill level 1 in Axes
  1151 | D:3      | Reached skill level 1 in Maces & Flails
  1151 | D:3      | Reached skill level 1 in Polearms
  1151 | D:3      | Reached skill level 1 in Staves
  1151 | D:3      | Reached skill level 1 in Slings
  1151 | D:3      | Reached skill level 1 in Bows
  1151 | D:3      | Reached skill level 1 in Crossbows
  1151 | D:3      | Reached skill level 1 in Stealth
  1151 | D:3      | Reached skill level 1 in Shields
  1151 | D:3      | Reached skill level 1 in Unarmed Combat
  1151 | D:3      | Reached skill level 1 in Evocations
  1158 | D:3      | Reached XP level 4. HP: 21/38 MP: 11/11
  1484 | D:3      | Learned a level 3 spell: Lesser Beckoning
  1935 | D:4      | Learned a level 3 spell: Gell's Gravitas
  1988 | D:4      | Reached skill level 1 in Conjurations
  1988 | D:4      | Reached skill level 1 in Hexes
  1988 | D:4      | Reached skill level 1 in Summonings
  1988 | D:4      | Reached skill level 1 in Necromancy
  1988 | D:4      | Reached skill level 1 in Transmutations
  1988 | D:4      | Reached skill level 1 in Fire Magic
  1988 | D:4      | Reached skill level 1 in Ice Magic
  1988 | D:4      | Reached skill level 1 in Air Magic
  1988 | D:4      | Reached skill level 1 in Earth Magic
  1988 | D:4      | Reached skill level 1 in Poison Magic
  2190 | D:4      | Mangled by a gnoll

Illustrated notes

Levels and vault maps discovered:
D:1:      saegor_arrival_simple_d, layout_loops_cross, serial_glass,
          glass_columns_a, glass_columns_c, minmay_strange_pillars,
          item_on_display_a
D:2:      layout_loops_corners, ebering_ecumenical_altar_sacrificial,
          st_stairs_7, nicolae_concentric_dashed_squares_wild, hex_tiny,
          dk_noncrumbling_4, nicolae_elevator_lobby_plus
D:3:      layout_rooms
D:4:      layout_basic, uniq_natasha

Skill      XL: |  1  2  3  4 |
---------------+-------------+-----
Spellcasting   | 5 |  5.1
Invocations    | 1 |  1.3
Short Blades   | 1 |  1.2
Axes           | 1 |  1.2
Maces & Flails | 1 |  1.2
Polearms       | 1 |  1.2
Staves         | 1 |  1.2
Slings         | 1 |  1.2
Bows           | 1 |  1.2
Crossbows      | 1 |  1.2
Stealth        | 1 |  1.2
Shields        | 1 |  1.2
Unarmed Combat | 1 |  1.2
Evocations     | 1 |  1.2
Conjurations   | 1 |  1.0
Hexes          | 1 |  1.0
Summonings     | 1 |  1.0
Necromancy     | 1 |  1.0
Transmutations | 1 |  1.0
Fire Magic     | 1 |  1.0
Ice Magic      | 1 |  1.0
Air Magic      | 1 |  1.0
Earth Magic    | 1 |  1.0
Poison Magic   | 1 |  1.0
Fighting       | |  4.7
Long Blades    | |  4.7
Throwing       | |  2.8
Armour         | |  2.8
Dodging        | |  4.7
Translocations | |  5.5

Action                   |  1- 3 |  4- 6 || total
-------------------------+-------+-------++-------
Melee: Falchion          |   130 |    66 ||   196
       Bite              |    11 |     6 ||    17
       Punch             |     1 |     2 ||     3
Throw: Boomerang         |       |     1 ||     1
 Cast: Blink             |     1 |     3 ||     4
  Use: Potion            |       |     1 ||     1
 Stab: Sleeping          |     1 |     1 ||     2
Armor: Leather armour    |    27 |    13 ||    40
Dodge: Dodged            |    87 |    49 ||   136

Table legend: (Time is in decaauts)
 A = Elapsed time spent in this place.
 B = Non-inter-level travel time spent in this place.
 C = Inter-level travel time spent in this place.
 D = Time resting spent in this place.
 E = Time spent auto-exploring this place.
 F = Levels seen in this place.
 G = Mean time per level.
                   A        B        C        D        E       F      G
               +--------+--------+--------+--------+--------+-----+--------+
         Total |   2204 |   2204 |      0 |    266 |   1295 |   4 |  551.0 |
       Dungeon |   2204 |   2204 |      0 |    266 |   1295 |   4 |  551.0 |
               +--------+--------+--------+--------+--------+-----+--------+

Top non-repeatable levels by time:
     D:3: 885 daAuts
     D:2: 511 daAuts
     D:4: 483 daAuts
     D:1: 323 daAuts
